 Dungeon Crawl Stone Soup version 0.22-a0-374-g5dfd9e3 (webtiles) character file.

27 Falco the Grasshopper (level 2, -2/13 HPs)
             Began as a Felid Warper on Apr 26, 2018.
             Was an Initiate of Wu Jian.
             Slain by an adder (5 damage)
             ... on level 2 of the Dungeon.
             The game lasted 00:04:22 (1054 turns).

Falco the Grasshopper (Felid Warper)                Turns: 1054, Time: 00:04:25

Health: -2/13      AC:  1    Str:  7    XL:     2   Next: 93%
Magic:  6/6        EV: 19    Int: 14    God:    Wu Jian [......]
Gold:   24         SH:  0    Dex: 15    Spells: 5/5 levels left
                                        Lives:  0   Deaths: 0

rFire    . . .     SeeInvis +     - Unarmed
rCold    . . .     Gourm    .   (shield unavailable)
rNeg     . . .     Faith    .   (armour unavailable)
rPois    .         Spirit   .   (helmet unavailable)
rElec    .         Reflect  .   (cloak unavailable)
rCorr    .         Harm     .   (gloves unavailable)
MR       .....                  (boots unavailable)
Stlth    ++........             (no amulet)
HPRegen  0.04/turn              (no ring)
MPRegen  0.10/turn              (no ring)

@: lethally poisoned (-2 -> -10), quick
A: very small, no armour, no weapons or thrown items, stealth, claws 1, fangs 3,
see invisible, carnivore, speed 1, shaggy fur 1, slow metabolism 1, sharp paws
a: Renounce Religion


You were on level 2 of the Dungeon.
You worshipped Wu Jian.
Wu Jian was noncommittal.
You were not hungry.

You visited 1 branch of the dungeon, and saw 2 of its levels.

You collected 24 gold pieces.

Inventory:

Scrolls
 a - a scroll of fear {unknown}
 b - 2 scrolls of blinking
 d - a scroll of identify {unknown}
 e - a scroll of remove curse {unknown}
 g - a scroll of enchant weapon {unknown}
 j - a scroll of immolation {unknown}
 k - a scroll of enchant armour {unknown}
Potions
 f - a potion of berserk rage {unknown}
 h - a potion of degeneration {unknown}
 i - a potion of cancellation {unknown}
Comestibles
 c - 3 rations


   Skills:
 + Level 2.2 Fighting
 + Level 3.9 Dodging
 + Level 2.4 Unarmed Combat
 + Level 2.2 Spellcasting
   Level 4.4 Translocations


You had 5 spell levels left.
You didn't know any spells.

Dungeon Overview and Level Annotations

Branches:
Dungeon (2/15)

Altars:
Vehumet
Wu Jian


Innate Abilities, Weirdness & Mutations

You cannot wear armour.
You are incapable of wielding weapons or throwing items.
Your paws allow you to move quietly. (Stealth)
You have sharp claws.
You have razor-sharp teeth.
You have supernaturally acute eyesight. (SInv)
You are carnivorous and can eat meat at any time.
You cover ground quickly.
You are covered in fur. (AC +1)
You have a slow metabolism.
Your sharp claws are effective at attacking unaware monsters.


Message History

The adder misses you. The adder closely misses you.
The adder completely misses you. The adder barely misses you.
The adder barely misses you.
Okay, then.
You barely miss the adder. The adder completely misses you.
You scratch the adder but do no damage. The adder misses you.
The adder bites you.
You closely miss the adder. The adder closely misses you.
You miss the adder. The adder bites you.
You miss the adder. Your bite misses the adder. The adder barely misses you.
The adder barely misses you.
You miss the adder. You bite the adder.
The adder is lightly wounded.
The adder bites you.
* * * LOW HITPOINT WARNING * * *
You are lethally poisoned!
The adder poisons you! The adder bites you.
You die...

######## ####......#
..........#
..#...#.S.# ##.###@.#
#...#..$###########
..._...............#
..#...#...####......#
. ##.###..# #......#.
..#...#...# #.[......
.........####......#
##..................##
.....########........


You could see an adder.

Vanquished Creatures
  An ooze (D:1)
  2 dart slugs (D:1)
  2 leopard geckos (D:1)
  2 bats (D:1)
  2 giant cockroaches (D:1)
  2 hobgoblins (D:1)
  2 kobolds (D:1)
  A frilled lizard (D:1)
  A goblin (D:1)
  2 rats (D:1)
17 creatures vanquished.

Notes
Turn   | Place    | Note
-------+----------+-------------------------------------------
     0 | D:1      | Falco the Felid Warper began the quest for the Orb.
     0 | D:1      | Reached XP level 1. HP: 9/9 MP: 4/4
   238 | D:1      | Reached XP level 2. HP: 12/13 MP: 6/6
   992 | D:2      | Found an ornate altar of the Wu Jian Council.
  1003 | D:2      | Became a worshipper of the Wu Jian Council
  1036 | D:2      | Found a radiant altar of Vehumet.
  1054 | D:2      | Slain by an adder

Vault maps used:
D:1:      sevenhm_arrival_forest_fort_small_3
D:2:      vehumet_crystals, nicolae_overflow_crystal_walls, first_ration,
          minmay_fountain_box

Action                   || total
-------------------------++-------
Melee: Unarmed           ||    69
       Bite              ||     4
 Stab: Sleeping          ||     1
Armor: Skin              ||     1
Dodge: Dodged            ||    54

Table legend:
 A = Spawn XP
 B = Non-spawn XP
 C = Spawn XP percentage of total XP
 D = Spawn monster count
 E = Non-spawn monster count
 F = Spawn count percentage of total count
 G = Total turns spent on level
                    A         B        C        D         E        F      G
               +---------+---------+-------+---------+---------+-------+---------
         Total |       0 |      39 |   0.0 |       0 |      17 |   0.0 |  1054
               +---------+---------+-------+---------+---------+-------+---------
           D:1 |       0 |      39 |   0.0 |       0 |      17 |   0.0 |   989
               +---------+---------+-------+---------+---------+-------+---------
